 Dungeon Crawl Stone Soup version 0.30.1-11-g7821555f0a (webtiles) character file.

Game seed: 779806534124722017

55 safid the Chiller (level 3, -2/27 HPs)
             Began as a Merfolk Ice Elementalist on Oct 27, 2023.
             Slain by Crazy Yiuf
             ... wielding a +3 quarterstaff of chaos
              (5 damage)
             ... on level 2 of the Dungeon.
             The game lasted 00:01:53 (1860 turns).

safid the Chiller (Merfolk Ice Elementalist)        Turns: 1860, Time: 00:01:53

Health: -2/27      AC:  3    Str:  8    XL:     3   Next: 93%
Magic:  7/7        EV: 12    Int: 16    God:
Gold:   81         SH:  0    Dex: 14    Spells: 0/7 levels left

rFire   . . .        l - +2 whip (freeze)
rCold   . . .        (no shield)
rNeg    . . .        a - +0 robe
rPois   .            d - +0 helmet
rElec   .            (no cloak)
rCorr   .            (no gloves)
SInv    .            (no boots)
Will    .....        (no amulet)
Stlth   ++           (no ring)
HPRegen 0.24/turn    (no ring)
MPRegen 0.10/turn

%: no passive effects
@: no status effects
A: (nimble swimmer 2), mertail
a: no special abilities


You were on level 2 of the Dungeon.
You visited 1 branch of the dungeon, and saw 2 of its levels.

You collected 81 gold pieces.

Inventory:

Hand Weapons
 l - a +2 whip of freezing (weapon)
Armour
 a - a +0 robe (worn)
 d - a +0 helmet (worn)
Scrolls
 c - a scroll of brand weapon {unknown}
 f - a scroll of enchant weapon {unknown}
 g - a scroll of enchant armour {unknown}
 h - a scroll of teleportation {unknown}
 j - 2 scrolls of noise {unknown}
 k - a scroll of immolation {unknown}
 q - a scroll of magic mapping {unknown}
Potions
 b - a potion of magic
 e - a potion of degeneration {unknown}
 i - a potion of resistance {unknown}
 m - a potion of invisibility {unknown}
 n - a potion of curing {unknown}
 o - a potion of might {unknown}
 p - a potion of heal wounds {unknown}


   Skills:
 + Level 1.9 Fighting
 - Level 2.6 Dodging
 - Level 2.1 Stealth
 + Level 2.7 Spellcasting
 + Level 5.0 Ice Magic


You couldn't memorise any spells.
You knew the following spells:

 Your Spells              Type           Power      Damage    Failure   Level
a - Freeze                Ice            72%        1d8       2%          1
b - Frozen Ramparts       Ice            36%        1d6       8%          3
c - Ozocubu's Armour      Ice            18%        N/A       8%          3

Your spell library contained the following spells:

 Spells                   Type           Power      Damage    Failure   Level
 Beastly Appendage        Tmut           4%         N/A       19%         1
 Wereblood                Tmut           2%         N/A       28%         2
 Spider Form              Tmut/Pois      2%         N/A       50%         3
 Summon Ice Beast         Ice/Summ       10%        N/A       56%         4


Dungeon Overview and Level Annotations

Branches:
Dungeon (2/15)

Altars:

Annotations:
D:2 Crazy Yiuf


Innate Abilities, Weirdness & Mutations

((You are very nimble when in or above water. (Stealth+, EV+, Speed+++)))
Your lower body shifts to a powerful aquatic tail in water.


Message History

You freeze the adder.
You kill the adder!
You feel sick.
Your Ice Magic skill increases to level 5!
You feel sick.
You feel sick.
You feel sick.
You are no longer poisoned.
You see here an adder corpse.
You see here an adder corpse.
You see here a +0 short sword.
Key pressed, stopping explore.
There is a stone staircase leading up here.
Found an escape hatch in the floor.
You see here 6 stones.
Found 8 stones.
This spell is quite dangerous to cast!
Memorise Ozocubu's Armour, consuming 3 spell levels and leaving 0?
You start memorising the spell.
You continue memorising. x3
You finish memorising.
Spell assigned to 'c'.
q - a scroll labelled QOFIUJ HACAG Crazy Yiuf shouts!
Could not explore, unopened runed door.
Press: ? - help, v - describe, . - travel, g - get item Item here: a glowing hammer.
The floor.
Unknown command.
Unknown command.
Unknown command.
Unknown command.
You open the door. You closely miss Crazy Yiuf.
Crazy Yiuf hits you with a +3 quarterstaff of chaos!
Crazy Yiuf freezes you.
You hit Crazy Yiuf. You freeze Crazy Yiuf.
Crazy Yiuf is lightly wounded.
Crazy Yiuf hits you with a +3 quarterstaff of chaos!
* * * LOW HITPOINT WARNING * * *
Crazy Yiuf freezes you.
You die...

#####..#####.# #.....#
#....# ##.###.###.#
♣.P..♣ #......# #..
♣♣...♣ ######.###.#
♣♣.♣♣ #.....# ♣♣.♣
###.### ♣.♣♣ #.# # ♣♣.♣
########.### ♣@♣♣
#...##...... #g#
####.#.##### ...
#...#.... #...#
####...#.... ### #)..#
#......#..## #.# #####
##.###.'..#_ #.# #.#
#.#..#+ #.############.#
#.#....
#.#.........##.###.#....


You could see Crazy Yiuf.

Vanquished Creatures
  2 adders (D:2)
  2 worms (D:2)
  5 ball pythons (D:2)
  An endoplasm (D:2)
  2 goblins (D:2)
  4 hobgoblins
  3 quokkas
  3 bats
  A frilled lizard (D:2)
  4 kobolds
  5 rats
32 creatures vanquished.

Notes
Turn   | Place    | Note
-------+----------+-------------------------------------------
     0 | D:1      | safid the Merfolk Ice Elementalist began the quest for the
                  | Orb.
     0 | D:1      | Reached XP level 1. HP: 13/13 MP: 3/3
   532 | D:1      | Reached XP level 2. HP: 16/20 MP: 5/5
   854 | D:2      | Reached skill level 1 in Fighting
   970 | D:2      | Reached XP level 3. HP: 17/26 MP: 6/6
   978 | D:2      | Learned a level 3 spell: Frozen Ramparts
  1167 | D:2      | Found a runed translucent door.
  1168 | D:2      | Noticed Crazy Yiuf
  1418 | D:2      | Found a faded altar of an unknown god.
  1569 | D:2      | Reached skill level 5 in Ice Magic
  1780 | D:2      | Learned a level 3 spell: Ozocubu's Armour
  1860 | D:2      | Slain by Crazy Yiuf

Illustrated notes

Levels and vault maps discovered:
D:1:      dpeg_arrival_simpleton_c, layout_basic
D:2:      layout_loops_ring, hellmonk_ecumenical_altar_inner_sanctum,
          grunt_decor_clamped, uniq_crazy_yiuf_cottage

Skill      XL: |  1  2  3 |
---------------+----------+-----
Fighting       | 1 |  1.9
Ice Magic      | 5 |  5.0
Dodging        | |  2.6
Stealth        | |  2.1
Spellcasting   | |  2.7

Action                     || total
---------------------------++-------
  Melee: Hand axe          ||    32
         Whip              ||    29
   Cast: Freeze            ||    21
         Frozen Ramparts   ||     1
   Stab: Sleeping          ||     6
 Armour: Robe              ||    19
  Dodge: Dodged            ||    50
